 Dungeon Crawl Stone Soup version 0.26.0-45-g9c1d065592 (webtiles) character file.

Game seed: 4768159598994154648

575398 trckry the Fetichist (level 27, -14/244 HPs)
             Began as a Ghoul Hunter on Jan 27, 2021.
             Was the Champion of Okawaru.
             Killed from afar by a purple draconian stormcaller (75 damage)
             ... on level 2 of the Realm of Zot.
             The game lasted 04:26:06 (89407 turns).

trckry the Fetichist (Ghoul Hunter)                Turns: 89407, Time: 04:26:07

Health: -14/244    AC: 23    Str: 37    XL:     27
Magic:  38/38      EV: 13    Int:  6    God:    Okawaru [******]
Gold:   6341       SH: 27    Dex: 12    Spells: 26/26 levels left

rFire    + + .     SeeInvis +   a - +8 eveningstar of Indomitability {vorpal, +Blink Stlth+}
rCold    + + .     Faith    .   n - +5 kite shield of Poor Excuses {rF+ MP+9}
rNeg     + + +     Spirit   .   V - +0 gold dragon scales
rPois    ∞         Reflect  +   I - +1 helmet
rElec    +         Harm     .   K - +0 cloak {Will+}
rCorr    .         Rampage  .   w - +2 pair of gloves {Str+3}
Will     ++++.                  W - +0 pair of boots {Fly}
Stlth    ..........             D - amulet of Suicidal Tendencies {Reflect rElec rC- Str+5 Dex+3 SH+5}
HPRegen  0.00/turn              u - +4 ring of protection
MPRegen  0.26/turn              O - ring "Urgho" {rC+ Will+ SInv}

@: corroded, flying
A: claws 1, cold resistance 1, negative energy resistance 3, inhibited
regeneration, torment resistance, unbreathing
}: 3/15 runes: decaying, serpentine, silver
a: Stop Flying, Renounce Religion, Evoke Blink, Heroism, Finesse


You were on level 2 of the Realm of Zot.
You worshipped Okawaru.
Okawaru was exalted by your worship.
You visited 10 branches of the dungeon, and saw 47 of its levels.
You visited the Abyss 1 time.
You also visited: Trove, Sewer, Ossuary, Gauntlet and Wizlab.

You collected 8181 gold pieces.
You spent 1840 gold pieces at shops.

Inventory:

Hand Weapons
 a - the +8 eveningstar of Indomitability (weapon) {vorpal, +Blink Stlth+}
   (You found it in a treasure trove)

   It inflicts extra damage upon your enemies.
   It lets you blink.
   It makes you more stealthy.
 b - a +2 fustibalus of flaming
 c - the +5 demon whip "Spellbinder" {antimagic, Will+}
   (Okawaru gifted it to you on level 4 of the Snake Pit)

   It reduces the magical energy of the wielder, and disrupts the spells and
   magical abilities of those hit.
   Natural abilities and divine invocations are not affected.
   It affects your willpower, your defense against some magical effects.
Missiles
 d - 874 sling bullets
Armour
 n - the +5 kite shield of Poor Excuses (worn) {rF+ MP+9}
   (You found it in a Gauntlet)

   It protects you from fire.
   It affects your magic capacity (+9).
 w - a +2 pair of gloves of strength (worn)
 I - a +1 helmet (worn)
 K - a +0 cloak of willpower (worn)
 P - a +2 pair of boots of running
 V - +0 gold dragon scales (worn)
 W - a +0 pair of boots of flying (worn)
Jewellery
 l - the ring "Qaivipto" {rC+ MP+9 Slay+2}
   (You found it in a treasure trove)

   [ring of magical power]

   It affects your accuracy and damage with ranged weapons and melee attacks
   (+2).
   It protects you from cold.
   It affects your magic capacity (+9).
 u - a +4 ring of protection (left hand)
 v - an uncursed ring of resist corrosion
 D - the amulet of Suicidal Tendencies (around neck) {Reflect rElec rC- Str+5 Dex+3 SH+5}
   (You found it on level 6 of the Lair of Beasts)

   [amulet of reflection]

   It shields you and reflects attacks.
   It affects your strength (+5).
   It affects your dexterity (+3).
   It makes you vulnerable to cold.
   It insulates you from electricity.
   It affects your SH (+5).
 O - the ring "Urgho" (right hand) {rC+ Will+ SInv}
   (You bought it in a shop on level 1 of the Snake Pit)

   [ring of willpower]

   It protects you from cold.
   It affects your willpower, your defense against some magical effects.
   It lets you see invisible.
 U - the ring of Ybitwuen {Will+ Int+2}
   (You found it in a Gauntlet)

   [ring of willpower]

   It affects your intelligence (+2).
   It affects your willpower, your defense against some magical effects.
 X - the amulet "Jelius" {Spirit rPois rF+++ Will++ Int-4}
   (You took it off a deep elf sorcerer on level 3 of the Elven Halls)

   [amulet of guardian spirit]

   It causes incoming damage to be split between your health and magic.
   It affects your intelligence (-4).
   It renders you almost immune to fire.
   It protects you from poison.
   It affects your willpower, your defense against some magical effects.
Wands
 p - a wand of digging (21)
 r - a wand of disintegration (14)
 s - a wand of enslavement (32)
 C - a wand of acid (35)
 E - a wand of iceblast (26)
 H - a wand of paralysis (67)
 M - a wand of polymorph (22)
Scrolls
 f - 3 scrolls of torment
 g - 7 scrolls of magic mapping
 i - 30 scrolls of identify
 t - 9 scrolls of blinking
 x - 12 scrolls of fear
 y - 9 scrolls of immolation
 F - 24 scrolls of remove curse
 J - 2 scrolls of summoning
 L - 11 scrolls of teleportation
 Q - 9 scrolls of fog
 Z - a scroll of silence
Potions
 j - a potion of ambrosia
 k - 2 potions of heal wounds
 z - 20 potions of curing
 A - 5 potions of might
 R - 4 potions of resistance
 S - 12 potions of haste
 Y - 2 potions of invisibility
Miscellaneous
 e - a tin of tremorstones (2/2)
 q - a phial of floods
 B - a lightning rod (4/4)
 G - a condenser vane
 N - a box of beasts
 T - a phantom mirror


   Skills:
 - Level 19.6 Fighting
 - Level 16.0 Maces & Flails
 - Level 14.0 Slings
 + Level 17.0 Armour
 - Level 11.4 Dodging
 - Level 1.1 Stealth
 + Level 18.5 Shields
 - Level 10.0 Invocations
 * Level 19.8 Evocations


You had 26 spell levels left.
You didn't know any spells.
Your spell library contained the following spells:

 Spells                   Type           Power        Failure   Level
 Animate Skeleton         Necr           0%           99%         1
 Corona                   Hex            0%           99%         1
 Foxfire                  Conj/Fire      0%           99%         1
 Freeze                   Ice            0%           99%         1
 Pain                     Necr           0%           99%         1
 Sandblast                Erth           0%           99%         1
 Sting                    Tmut/Pois      0%           99%         1
 Blink                    Tloc           N/A          99%         2
 Corpse Rot               Necr/Air       N/A          99%         2
 Ensorcelled Hibernation  Hex/Ice        0%           99%         2
 Passwall                 Tmut/Erth      0%           99%         2
 Poisonous Vapours        Pois/Air       0%           99%         2
 Confusing Touch          Hex            0%           100%        3
 Conjure Flame            Conj/Fire      0%           100%        3
 Dazzling Flash           Conj/Hex       0%           100%        3
 Frozen Ramparts          Ice            0%           100%        3
 Gell's Gravitas          Tloc           0%           100%        3
 Ignite Poison            Fire/Tmut/Pois 0%           100%        3
 Inner Flame              Hex/Fire       0%           100%        3
 Lesser Beckoning         Tloc           0%           100%        3
 Mephitic Cloud           Conj/Pois/Air  0%           100%        3
 Ozocubu's Armour         Ice            0%           100%        3
 Portal Projectile        Hex/Tloc       0%           100%        3
 Static Discharge         Conj/Air       0%           100%        3
 Stone Arrow              Conj/Erth      0%           100%        3
 Teleport Other           Tloc           0%           100%        3
 Tukima's Dance           Hex            0%           100%        3
 Vampiric Draining        Necr           0%           100%        3
 Animate Dead             Necr           0%           100%        4
 Cause Fear               Hex            0%           100%        4
 Dispel Undead            Necr           0%           100%        4
 Hailstorm                Conj/Ice       0%           100%        4
 Leda's Liquefaction      Hex/Erth       0%           100%        4
 Olgreb's Toxic Radiance  Pois           0%           100%        4
 Passage of Golubria      Tloc           N/A          100%        4
 Petrify                  Tmut/Erth      0%           100%        4
 Sticky Flame             Conj/Fire      0%           100%        4
 Summon Ice Beast         Ice/Summ       0%           100%        4
 Agony                    Necr           0%           100%        5
 Bolt of Magma            Conj/Fire/Erth 0%           100%        5
 Borgnjor's Vile Clutch   Necr/Erth      0%           100%        5
 Excruciating Wounds      Necr           0%           100%        5
 Fireball                 Conj/Fire      0%           100%        5
 Irradiate                Conj/Tmut      0%           100%        5
 Iskenderun's Battlesphe  Conj           0%           100%        5
 Lee's Rapid Deconstruct  Erth           0%           100%        5
 Lightning Bolt           Conj/Air       0%           100%        5
 Silence                  Hex/Air        0%           100%        5
 Summon Demon             Summ           0%           100%        5
 Summon Forest            Summ/Tloc      0%           100%        5
 Summon Mana Viper        Hex/Summ       0%           100%        5
 Yara's Violent Unravell  Hex/Tmut       0%           100%        5
 Dispersal                Tloc           0%           100%        6
 Eringya's Noxious Bog    Tmut/Pois      0%           100%        6
 Iron Shot                Conj/Erth      0%           100%        6
 Shadow Creatures         Summ           N/A          100%        6
 Starburst                Conj/Fire      0%           100%        6
 Haunt                    Necr/Summ      0%           100%        7
 Summon Hydra             Summ           0%           100%        7
 Chain Lightning          Conj/Air       0%           100%        8
 Discord                  Hex            0%           100%        8
 Disjunction              Tloc           0%           100%        8
 Ignition                 Fire           0%           100%        8
 Infestation              Necr           0%           100%        8
 Lehudib's Crystal Spear  Conj/Erth      0%           100%        8
 Absolute Zero            Ice            0%           100%        9
 Fire Storm               Conj/Fire      0%           100%        9
 Shatter                  Erth           0%           100%        9
 Tornado                  Air            0%           100%        9
 Sublimation of Blood     Necr           Unusable     N/A         2
 Wereblood                Tmut           Unusable     N/A         2
 Spider Form              Tmut/Pois      Unusable     N/A         3
 Ice Form                 Ice/Tmut       Unusable     N/A         4
 Hydra Form               Tmut           Unusable     N/A         6
 Statue Form              Tmut/Erth      Unusable     N/A         6
 Dragon Form              Tmut           Unusable     N/A         7
 Borgnjor's Revivificati  Necr           Unusable     N/A         8
 Necromutation            Tmut/Necr      Unusable     N/A         8
 Death's Door             Necr           Unusable     N/A         9

Dungeon Overview and Level Annotations

Branches:
Dungeon (15/15)            Temple (1/1) D:4            Lair (6/6) D:9
  Swamp (4/4) Lair:3        Snake (4/4) Lair:2        Slime (0/5) Lair:5
    Orc (2/2) D:10            Elf (3/3) Orc:2        Vaults (5/5) D:13
  Crypt (0/3) Vaults:2     Depths (5/5) D:15            Zot (2/5) Depths:5
  Sewer (visited)         Ossuary (visited)          WizLab (visited)
Gauntlet (visited)

Altars:
Ashenzari
Cheibriados
Dithmenos
Elyvilon
Fedhas
Gozag
Hepliaklqana
Kikubaaqudgha
Makhleb
Nemelex Xobeh
Okawaru
Qazlal
Ru
Sif Muna
Trog
Uskayaw
Vehumet
Wu Jian
Xom
Yredelemnul
Zin
The Shining One
Beogh
Lugonu

Shops:
D:7 *?}**   D:9 (   D:11 :   D:15 :   Orc:2 ([(*   Elf:2 }   Snake:1 !=!(
Snake:4 (   Vaults:3 }?   Vaults:4 *?*[   Depths:3 *:   Depths:4 *

Portals:
Hell: Lair:6 Depths:1 Depths:2 Depths:3 Depths:4 Depths:5
Abyss: Swamp:3 Depths:2 Depths:3 Depths:4 Depths:5
Pandemonium: Depths:3 Depths:5
Ziggurat: Depths:2

Annotations:
D:15 Roxanne
Snake:4 3 runed translucent doors, Nullax's ghost, journeyman DDFi; Sagen's ghost, adept DrCj; TuffENuff's ghost, adept FoFi; Tuffe's ghost, adept FoFi


Innate Abilities, Weirdness & Mutations

You thrive by killing the living.
You are immune to poison.
You have sharp fingernails.
Your flesh is cold resistant. (rC+)
You are immune to negative energy. (rN+++)
You do not regenerate when monsters are visible.
You are immune to unholy pain and torment.
You can survive without breathing.


Message History

The yellow draconian is heavily wounded.
You block the yellow draconian's attack.
The wind drake flaps its wings at you.
The air twists around and violently strikes you in flight!
You puncture the yellow draconian!
The yellow draconian is severely wounded.
A white draconian comes into view. It is wielding a +0 flail.
A tentacled monstrosity comes into view.
The purple draconian stormcaller invokes the aid of Qazlal against you.
Qazlal smites you!
* * * LOW HITPOINT WARNING * * *
You block the yellow draconian's attack.
The purple draconian stormcaller calls down the wrath of Qazlal upon you.
Qazlal smites you!
* * * LOW HITPOINT WARNING * * *
The yellow draconian hits you but does no damage.
You see here an embroidered scarf {god gift}.
The purple draconian stormcaller invokes the aid of Qazlal against you.
The cutting wind hits you!!!!
You die...

#.##....# *,
#.##....############******,
#.###[##............,,,,,,, #[#
#?..............,,,,,,, #.#
####.........#*****,**, #.#
#.###.###### *,**,
#)######>........(#* *,**,
#<#........#.####..# *,**,
###.######@#.# **,** *,**, #,*
#[#.# *,,* *,,,,
*##'####*#)#.#####*,***,**,
*******.......*#[d.....#*,,**,**,
,,,,,,+..q....##q#.###d##*,**,**,
*******..q.qd...D..X......,,,,**,
*.......##.#.###.###*,*,**,
*.......*#.#.# *,* *,,,**,
***.......*#.#.#**,*****,,**,


You could see a yellow draconian, a quicksilver dragon and a purple draconian
stormcaller.

Vanquished Creatures
  Mara (Vaults:2)
  An ancient lich (WizLab)
  Sojobo (Depths:3)
  Margery (Depths:4)
  Frederick (Vaults:2)
  Saint Roka (Depths:3)
  Bai Suzhen (Vaults:2)
  Vashnia (Snake:3)
  Jory (Vaults:3)
  2 golden dragons (Vaults:5)
  the Enchantress (Depths:2)
  7 tentacled monstrosities
  An electric golem (Zot:1)
  8 liches
  2 titans (Vaults:5)
  Asterion (Depths:1)
  3 deep elf blademasters
  2 quicksilver dragons
  2 deep elf master archers (Elf:3)
  3 sphinxes
  2 ancient champions (WizLab)
  3 death cobs
  2 draconian monks
  3 thorn hunters
  Agnes (D:15)
  7 storm dragons
  Donald (Vaults:3)
  6 nagarajas
  7 shadow dragons
  A fenstrider witch (shapeshifter) (Vaults:5)
  10 vault wardens
  13 deep elf sorcerers
  6 tengu reavers
  An orc warlord (Orc:2)
  11 frost giants
  3 draconian knights
  6 fire giants
  2 balrugs (Depths:5)
  3 draconian scorchers
  2 iron dragons
  Louise (D:15)
  A war gargoyle (Vaults:5)
  23 very ugly things
  4 spriggan defenders
  A draconian annihilator (Zot:2)
  17 ironheart preservers
  6 deep elf elementalists (Elf:3)
  16 stone giants
  3 hydra skeletons (Swamp:4)
  2 vampire knights (Swamp:4)
  8 deep elf demonologists
  2 dire elephants (Depths:3)
  2 green draconians
  Nessos (Lair:4)
  9 deep elf annihilators
  6 black draconians
  5 yellow draconians
  3 entropy weavers
  5 white draconians
  Azrael (D:14)
  A minotaur (Gauntlet)
  A purple draconian (Zot:1)
  2 spark wasps
  2 red draconians
  12 deep elf death magi
  4 bunyips
  An ettin (shapeshifter) (Vaults:5)
  3 eleionomae
  2 merfolk javelineers
  9 ettins
  A crystal guardian (Vaults:4)
  3 jiangshi
  A blizzard demon (Depths:5)
  5 shambling mangroves
  4 great orbs of eyes
  9 fire dragons
  9 ogre magi
  4 deep elf high priests
  7 boulder beetles
  14 naga warriors
  14 yaktaur captains
  12 rakshasas
  33 vault guards
  6 spriggan air magi
  9 ice dragons
  22 hydras
  6 ghost crabs
  28 two-headed ogres
  3 catoblepae
  9 centaur warriors
  4 alligators
  10 anacondas
  A death yak (Lair:6)
  24 dancing weapons
  17 deep troll earth magi
  13 deep troll shamans
  4 tengu warriors
  2 vampire magi
  4 death knights
  2 orc high priests (Orc:2)
  6 shock serpents
  6 spriggan berserkers
  22 naga sharpshooters
  20 spriggans
  A sun demon (Depths:3)
  A shock serpent (shapeshifter) (Vaults:5)
  2 soul eaters (Depths:5)
  10 iron trolls
  17 deep elf knights
  A fire crab (shapeshifter) (Vaults:1)
  A shadow wraith (Vaults:2)
  2 small abominations (Elf:3)
  2 salamander mystics
  10 skeletal warriors
  2 sixfirhies
  8 hell knights
  An entropy weaver zombie (Vaults:1)
  4 unseen horrors
  A death drake (shapeshifter) (Vaults:5)
  4 spectral hydras (Swamp:4)
  6 spriggan druids
  6 goliath frogs
  A sea snake (Snake:2)
  5 swamp dragons (Swamp:4)
  43 deep trolls
  3 glowing orange brains (shapeshifter)
  8 wizards
  6 glowing orange brains
  2 bog bodies
  18 ironbrand convokers
  7 naga ritualists
  A sphinx zombie (Vaults:5)
  13 deep elf archers
  22 orc knights
  12 necromancers
  4 phantasmal warriors
  A frost giant zombie (Depths:2)
  13 mana vipers
  8 orc sorcerers
  47 ugly things
  4 harpies
  3 oklob plants (Swamp:4)
  A shadow dragon skeleton (Depths:2)
  44 deep elf magi
  4 cyclopes
  4 will-o-the-wisps
  8 moths of wrath
  3 wolf spiders
  2 fire giant skeletons (Depths:2)
  A manticore (shapeshifter) (Vaults:4)
  A shining eye (shapeshifter) (Elf:1)
  6 salamanders
  A rust devil (Depths:5)
  A human skeleton (Vaults:5)
  26 naga magi
  2 cyclopes (shapeshifter)
  2 smoke demons
  9 vault sentinels
  33 black mambas
  2 guardian serpents (Snake:2)
  An eye of devastation (Gauntlet)
  3 gargoyles
  A yaktaur zombie (Vaults:5)
  3 orange demons (Lair:6)
  8 cane toads
  A kobold demonologist (Depths:3)
  3 hellwings
  6 rime drakes (Lair:6)
  2 yaktaurs (shapeshifter)
  12 freezing wraiths
  An ice devil (Depths:3)
  7 komodo dragons
  4 tengu conjurers
  54 yaktaurs
  A death drake zombie (Swamp:4)
  3 polar bears
  A yaktaur skeleton (Vaults:1)
  8 trolls
  9 meliai
  12 red devils
  4 tyrant leeches
  3 hydra zombies (Swamp:4)
  6 large abominations
  23 hornets
  A death drake skeleton (Swamp:4)
  A blink frog (shapeshifter) (Vaults:1)
  9 blink frogs
  A dream sheep (shapeshifter) (Depths:1)
  A frost giant simulacrum (Depths:2)
  36 slime creatures
  A spriggan (shapeshifter) (D:14)
  9 wraiths
  2 tarantellas
  4 redbacks
  An air elemental (Elf:2)
  A hog (shapeshifter) (Vaults:1)
  9 water elementals
  7 wyverns
  A ynoxinul (Depths:5)
  6 vampires
  A basilisk (Lair:5)
  38 yaks
  A golden eye (Gauntlet)
  10 fire elementals
  A basilisk (shapeshifter) (Depths:1)
  A chaos spawn (Depths:5)
  14 vampire mosquitoes
  A deep troll zombie (Vaults:5)
  A neqoxec (Depths:3)
  24 wargs
  2 two-headed ogre zombies (WizLab)
  56 nagas
  15 swamp worms
  2 soldier ants
  9 hell hounds
  6 ogre zombies
  2 hydra simulacra (Swamp:4)
  9 water moccasins
  6 sky beasts
  57 orc warriors
  3 swamp drakes
  An ice dragon simulacrum (Vaults:1)
  4 black bears
  An eye of draining (D:13)
  2 swamp dragon zombies (Swamp:4)
  A wolf (Lair:6)
  5 ice beasts
  20 ogres
  6 boggarts
  12 centaurs
  7 big kobolds
  An elf zombie (Elf:1)
  19 bullfrogs
  4 earth elementals
  A water moccasin skeleton (D:11)
  8 troll zombies (WizLab)
  3 scorpions
  A scorpion (shapeshifter) (Vaults:2)
  5 killer bees (D:11)
  17 wights
  2 howler monkeys
  6 electric eels
  3 centaur zombies
  3 bullfrog zombies
  4 lava snakes
  5 crimson imps (Depths:5)
  A human simulacrum (Vaults:1)
  7 quasits
  5 jellies
  5 centaur skeletons
  39 orc wizards
  31 orc priests
  A hound (shapeshifter) (Vaults:5)
  11 hounds
  3 bullfrog skeletons
  7 iguanas
  16 worker ants
  6 hell rats
  3 statues
  A hound skeleton (D:10)
  A howler monkey zombie (D:8)
  Robin (D:4)
  18 gnolls
  4 river rats
  16 adders
  4 shadow imps
  5 ufetubi
  An ooze (D:1)
  An adder skeleton (D:10)
  2 adder zombies
  A worm (D:2)
  2 dart slugs
  5 leopard geckos
  169 orcs
  4 ball pythons
  5 giant cockroaches
  24 goblins
  8 hobgoblins
  16 jackals
  4 quokkas
  A ball python (shapeshifter) (Vaults:5)
  A ball python skeleton (Ossuary)
  7 bats
  7 frilled lizards
  A giant cockroach zombie (D:1)
  A hobgoblin zombie (Ossuary)
  A jackal skeleton (D:6)
  A jackal zombie (D:5)
  26 kobolds
  2 kobold zombies (Ossuary)
  3 orc skeletons (Ossuary)
  An orc zombie (Ossuary)
  2 quokka skeletons
  2 quokka zombies
  10 rats
  A spectral orc (D:9)
  2 bushes (D:11)
  A lurking horror (Swamp:3)
2231 creatures vanquished.

Vanquished Creatures (collateral kills)
  A cacodemon (Depths:3)
  A stone giant (Depths:3)
  A two-headed ogre (Vaults:2)
  An ogre mage (Vaults:2)
  A deep elf knight (Elf:2)
  An ironbrand convoker (Vaults:3)
  2 deep elf magi (Elf:2)
  An ugly thing (Vaults:1)
  An ogre (Vaults:2)
  An ufetubus (Depths:3)
11 creatures vanquished.

Vanquished Creatures (others)
  A vault warden (Vaults:4)
  Aizul (Snake:2)
  A naga warrior (Snake:4)
  An alligator (Swamp:3)
  A naga sharpshooter (Snake:2)
  A spriggan druid (Swamp:3)
  A deep elf archer (Elf:2)
  An ironbrand convoker (Vaults:1)
  A deep elf mage (Elf:1)
  An ugly thing (Depths:3)
  An orc sorcerer (Depths:3)
  A will-o-the-wisp (Swamp:3)
  2 naga magi (Snake:4)
  3 hornets
  2 spriggans (Swamp:3)
  A vampire mosquito (D:14)
  2 boggarts
  An orc wizard (Orc:2)
  A briar patch (Swamp:2)
  24 foxfires
  15 fungi
  74 plants
137 creatures vanquished.

Grand Total: 2379 creatures vanquished

Notes
Turn   | Place    | Note
-------+----------+-------------------------------------------
     0 | D:1      | trckry the Ghoul Hunter began the quest for the Orb.
     0 | D:1      | Reached XP level 1. HP: 17/17 MP: 0/0
   298 | D:1      | Reached XP level 2. HP: 25/25 MP: 1/1
   529 | D:1      | Reached XP level 3. HP: 29/30 MP: 2/2
   938 | D:2      | Reached skill level 1 in Invocations
  1015 | D:2      | Reached skill level 1 in Maces & Flails
  1120 | D:2      | Reached skill level 1 in Armour
  1120 | D:2      | Reached XP level 4. HP: 17/37 MP: 3/3
  1417 | D:2      | Reached skill level 1 in Evocations
  1563 | D:2      | Reached skill level 1 in Shields
  1729 | D:2      | Reached XP level 5. HP: 44/44 MP: 5/5
  1799 | D:3      | Found a snail-covered altar of Cheibriados.
  1963 | D:3      | Found a bloodstained altar of Trog.
  2335 | D:4      | Reached XP level 6. HP: 38/51 MP: 6/6
  2413 | D:4      | Found a staircase to the Ecumenical Temple.
  2419 | Temple   | Entered the Ecumenical Temple
  2487 | Temple   | Became a worshipper of Warmaster Okawaru
  2517 | D:4      | Noticed Robin
  2533 | D:4      | Killed Robin
  2700 | D:4      | Got a transparent pewter ring
  2702 | D:4      | Identified the ring "Kymakogaxt" {*Tele rC+ SInv} (You
                  | found it on level 4 of the Dungeon)
  2968 | D:4      | Found a burning altar of Makhleb.
  3174 | D:4      | Found a broken altar of Ashenzari.
  3177 | D:4      | Found a bloodstained altar of Trog.
  3225 | D:5      | Entered Level 5 of the Dungeon
  3263 | D:5      | Reached XP level 7. HP: 27/57 MP: 7/7
  3309 | D:5      | Reached * piety under Okawaru
  3318 | D:5      | Found a glowing drain.
  3400 | Sewer    | Entered a sewer
  3549 | Sewer    | Found a white marble altar of Elyvilon.
  4132 | D:6      | Found a hide-covered altar of Uskayaw.
  4132 | D:6      | Found an ancient bone altar of Kikubaaqudgha.
  4132 | D:6      | Found a shimmering blue altar of Sif Muna.
  4223 | D:6      | Reached XP level 8. HP: 55/66 MP: 9/9
  4231 | D:6      | Found a sand-covered staircase.
  4240 | Ossuary  | Entered an ossuary
  4368 | Ossuary  | Noticed a wraith
  4368 | Ossuary  | Noticed a flying skull
  4377 | Ossuary  | Noticed a flying skull
  4383 | Ossuary  | Noticed a wraith
  4398 | Ossuary  | Killed a wraith
  4475 | Ossuary  | Noticed a flying skull
  4480 | Ossuary  | Noticed a flying skull
  4498 | Ossuary  | Noticed a flying skull
  4543 | Ossuary  | Noticed a wraith
  4560 | Ossuary  | Killed a wraith
  4560 | Ossuary  | Reached ** piety under Okawaru
  4925 | D:6      | Reached skill level 5 in Slings
  5580 | D:6      | HP: 6/67 [something (3)]
  5932 | D:7      | Found Ahuec's Magic Scroll Emporium.
  6009 | D:7      | Found Wathru's Gadget Boutique.
  6026 | D:7      | Bought 2 scrolls of blinking for 195 gold pieces
  6026 | D:7      | Found Loinyo's General Store.
  6027 | D:7      | Noticed a deep elf mage
  6079 | D:7      | Found Hycuibago's Assorted Antiques.
  6091 | D:7      | Bought a wand of paralysis (9) for 50 gold pieces
  6104 | D:8      | trckry: ??unseen horror
  6104 | D:8      | beem: unseen horror[1/4]: "These creatures are usually
                  | unseen by the eyes of most, and those few who have seen
                  | them would rather not have." Moves like a bat, and
                  | invisible. A purple x if you can see invisible. The bane of
                  | mages and EV fighters everywhere.
  6121 | D:8      | Noticed a slime creature
  6140 | D:8      | Killed a slime creature
  6141 | D:8      | Reached XP level 9. HP: 73/73 MP: 11/11
  6188 | D:8      | Reached skill level 5 in Fighting
  6473 | D:7      | Reached *** piety under Okawaru
  6670 | D:7      | Found a radiant altar of Vehumet.
  6737 | D:7      | Killed a deep elf mage
  6748 | D:7      | Found Oczavvi's Assorted Antiques.
  7748 | D:6      | Found a shimmering blue altar of Sif Muna.
  7749 | D:6      | Found a hide-covered altar of Uskayaw.
  7976 | D:6      | Found an ancient bone altar of Kikubaaqudgha.
  8231 | D:6      | Noticed an unseen horror
  8246 | D:6      | Killed an unseen horror
  8247 | D:6      | Reached skill level 5 in Invocations
  8247 | D:6      | Reached XP level 10. HP: 76/83 MP: 12/12
  8664 | D:8      | Reached **** piety under Okawaru
  8937 | D:8      | Reached skill level 5 in Dodging
  9637 | D:9      | Found a staircase to the Lair.
 10175 | D:9      | Reached skill level 5 in Maces & Flails
 10178 | D:9      | Reached skill level 5 in Shields
 10178 | D:9      | Reached skill level 5 in Evocations
 10835 | D:9      | Reached skill level 5 in Armour
 10893 | D:9      | Reached XP level 11. HP: 35/91 MP: 14/14
 11728 | D:9      | Reached ***** piety under Okawaru
 12415 | D:9      | Found Fiecipna's Antique Weapon Emporium.
 12436 | D:9      | Found a basalt altar of Yredelemnul.
 12666 | D:10     | Entered Level 10 of the Dungeon
 12754 | D:10     | Received a gift from Okawaru
 12868 | D:10     | Found a staircase to the Orcish Mines.
 13982 | D:11     | Found Ypliap's Book Shop.
 14117 | D:11     | Noticed a two-headed ogre
 14151 | D:11     | Killed a two-headed ogre
 14151 | D:11     | Received a gift from Okawaru
 14278 | D:11     | Noticed an unseen horror
 14284 | D:11     | Killed an unseen horror
 14468 | D:11     | Reached XP level 12. HP: 101/101 MP: 16/16
 14572 | D:11     | Received a gift from Okawaru
 14706 | D:11     | Got a pair of translucent gloves
 14717 | D:11     | Identified the +1 pair of gloves of Bitterness {Harm rElec
                  | rPois} (You found it on level 11 of the Dungeon)
 15028 | D:11     | Identified the +9 rapier of the Undead {flame, rN++}
 16102 | D:11     | Received a gift from Okawaru
 16114 | D:11     | Identified a +2 pair of boots of running (Okawaru gifted it
                  | to you on level 11 of the Dungeon)
 18056 | Lair:1   | Entered Level 1 of the Lair of Beasts
 18283 | Lair:1   | Reached ****** piety under Okawaru
 18371 | Lair:1   | Got a fine helmet
 18382 | Lair:1   | Identified the cursed +0 helmet "Vuuwouj" {rC+ Int-2 Dex+4}
                  | (You found it on level 1 of the Lair of Beasts)
 18545 | Lair:1   | Reached XP level 13. HP: 108/108 MP: 18/18
 18676 | Lair:1   | Found a shimmering altar of Xom.
 19402 | Lair:2   | Found a staircase to the Snake Pit.
 19950 | Lair:3   | Received a gift from Okawaru
 20220 | Lair:3   | Found a staircase to the Swamp.
 20426 | Lair:3   | Received a gift from Okawaru
 20692 | Lair:3   | Received a gift from Okawaru
 21107 | Lair:3   | Got a dazzling whip
 21108 | Lair:3   | Identified the cursed +2 whip of Prudence {freeze, +Inv}
                  | (You found it on level 3 of the Lair of Beasts)
 21346 | Lair:4   | Received a gift from Okawaru
 21494 | Lair:4   | You fall into a shaft and drop 2 floors!
 21494 | Lair:6   | Entered Level 6 of the Lair of Beasts
 21967 | Lair:5   | Found a gate leading to a gauntlet.
 21973 | Gauntlet | Entered a Gauntlet
 21973 | Gauntlet | Found a transporter.
 21973 | Gauntlet | Found a transporter.
 21982 | Gauntlet | Found a transporter.
 21985 | Gauntlet | Found a transporter.
 21994 | Gauntlet | Found a transporter.
 21997 | Gauntlet | Found a transporter.
 22008 | Gauntlet | Found a transporter.
 22019 | Gauntlet | Found a runed translucent door.
 22021 | Gauntlet | Found a transporter.
 22024 | Gauntlet | Found a runed translucent door.
 22035 | Gauntlet | Found a transporter.
 22039 | Gauntlet | Found a transporter.
 22040 | Gauntlet | Found a runed translucent door.
 22050 | Gauntlet | Found a transporter.
 22051 | Gauntlet | Found a transporter.
 22224 | Gauntlet | Got a bound bone ring
 22364 | Gauntlet | Identified the ring of Ybitwuen {Will+ Int+2} (You found it
                  | in a Gauntlet)
 22745 | Gauntlet | Identified the amulet of Foolhardiness {Spirit rF- rN+++
                  | Int+2}
 22745 | Gauntlet | Noticed a minotaur
 22780 | Gauntlet | HP: 11/111 [minotaur/+2 long sword of protection (1)]
 22782 | Gauntlet | Killed a minotaur
 22801 | Gauntlet | Identified the Almanac of Transmigration
 22805 | Gauntlet | Got a distressingly furry kite shield
 22823 | Gauntlet | Identified the +5 kite shield of Poor Excuses {rF+ MP+9}
                  | (You found it in a Gauntlet)
 23508 | Lair:4   | Noticed Nessos
 23524 | Lair:4   | Killed Nessos
 23524 | Lair:4   | Received a gift from Okawaru
 23817 | Lair:5   | Reached XP level 14. HP: 118/118 MP: 19/19
 23870 | Lair:5   | Found a staircase to the Slime Pits.
 25611 | Lair:6   | Found a burning altar of Makhleb.
 25798 | Lair:6   | Found a gateway to Hell.
 25811 | Lair:6   | Got an ancient sapphire amulet
 25825 | Lair:6   | Identified the amulet of Suicidal Tendencies {Reflect rElec
                  | rC- Str+5 Dex+3 SH+5} (You found it on level 6 of the Lair
                  | of Beasts)
 25962 | Lair:6   | Reached skill level 10 in Slings
 26229 | Orc:1    | Entered Level 1 of the Orcish Mines
 27310 | Orc:2    | Entered Level 2 of the Orcish Mines
 27412 | Orc:2    | Found a roughly hewn altar of Beogh.
 28171 | Orc:2    | Found a roughly hewn altar of Beogh.
 28376 | Orc:2    | Found Jomanok's Weapon Shop.
 28629 | Orc:2    | Received a gift from Okawaru
 28926 | Orc:2    | Noticed an orc warlord
 29029 | Orc:2    | Killed an orc warlord
 29571 | Orc:2    | Received a gift from Okawaru
 29572 | Orc:2    | Reached skill level 10 in Fighting
 29788 | Orc:2    | Found a roughly hewn altar of Beogh.
 29799 | Orc:2    | Found a staircase to the Elven Halls.
 29815 | Orc:2    | Found a roughly hewn altar of Beogh.
 30233 | Orc:2    | Found a roughly hewn altar of Beogh.
 30358 | Orc:2    | Found Neaca's Antique Armour Shop.
 30372 | Orc:2    | Found a roughly hewn altar of Beogh.
 30377 | Orc:2    | Found Udixischi's Antique Weapon Boutique.
 30499 | Orc:2    | Found Uhuojakk's Assorted Antiques.
 30507 | Orc:2    | Bought a scroll of teleportation for 99 gold pieces
 30507 | Orc:2    | Bought a scroll labelled QYRROS PUGOAT for 33 gold pieces
 30508 | Orc:2    | Acquired a +2 fustibalus of flaming
 30656 | D:13     | Reached XP level 15. HP: 126/126 MP: 21/21
 31012 | D:13     | HP: 10/126 [meliai/divine providence (12)]
 31014 | D:13     | HP: 4/126 [meliai/divine providence (13)]
 31649 | D:13     | Received a gift from Okawaru
 31963 | D:13     | Found a gate to the Vaults.
 32446 | D:13     | Received a gift from Okawaru
 32563 | D:13     | Reached skill level 10 in Maces & Flails
 32825 | D:13     | Reached skill level 10 in Invocations
 32988 | D:14     | Noticed Azrael
 33498 | D:14     | Received a gift from Okawaru
 33758 | D:14     | Received a gift from Okawaru
 33844 | D:14     | Found a shadowy altar of Dithmenos.
 33862 | D:14     | Killed Azrael
 34762 | D:15     | Entered Level 15 of the Dungeon
 35010 | D:15     | Identified Roxanne's Almanac of Stones
 35010 | D:15     | Noticed Roxanne
 35673 | D:15     | Found Qihy's Book Shoppe.
 35778 | D:15     | Noticed Agnes
 35797 | D:15     | Killed Agnes
 35990 | D:15     | Found a staircase to the Depths.
 36221 | D:15     | Noticed Louise
 36226 | D:15     | Cast into level 3 of the Abyss (Louise)
 36256 | D:15     | Escaped the Abyss
 36288 | D:15     | Killed Louise
 36288 | D:15     | Received a gift from Okawaru
 36940 | D:15     | Upgraded the game from 0.26.0-41-g79a4fc7684 to
                  | 0.26.0-45-g9c1d065592
 37166 | Snake:1  | Entered Level 1 of the Snake Pit
 37232 | Snake:1  | Reached XP level 16. HP: 122/136 MP: 22/22
 37258 | Snake:1  | Received a gift from Okawaru
 37689 | Snake:1  | Received a gift from Okawaru
 37822 | Snake:1  | Found Efruelo's Distillery.
 37843 | Snake:1  | Bought a potion of resistance for 110 gold pieces
 37843 | Snake:1  | Bought a potion of haste for 110 gold pieces
 37843 | Snake:1  | Bought a potion of heal wounds for 55 gold pieces
 37843 | Snake:1  | Bought a potion of heal wounds for 55 gold pieces
 38358 | Snake:1  | Received a gift from Okawaru
 38581 | Snake:1  | Found Ylik's Jewellery Boutique.
 38585 | Snake:1  | Found Zuxintu's Distillery.
 38586 | Snake:1  | Found Doneggut's Antique Weapon Boutique.
 38591 | Snake:1  | Bought a potion of might for 44 gold pieces
 38818 | Snake:1  | Bought the ring "Urgho" {rC+ Will+ SInv} for 691 gold
                  | pieces
 39373 | Snake:2  | Noticed Aizul
 39385 | Snake:2  | Killed Aizul
 40896 | Snake:3  | Found a shimmering altar of Xom.
 40970 | Snake:3  | Received a gift from Okawaru
 41036 | Snake:3  | Noticed a nagaraja
 41054 | Snake:3  | Killed a nagaraja
 41838 | Snake:3  | Noticed Vashnia
 41949 | Snake:3  | Reached XP level 17. HP: 144/144 MP: 23/23
 41984 | Snake:3  | Killed Vashnia
 41984 | Snake:3  | Received a gift from Okawaru
 42901 | Snake:4  | Entered Level 4 of the Snake Pit
 42982 | Snake:4  | Found a runed translucent gate.
 42983 | Snake:4  | Found a runed translucent gate.
 42984 | Snake:4  | Found a runed translucent gate.
 42985 | Snake:4  | Noticed Nullax's ghost (journeyman DDFi)
 42985 | Snake:4  | Noticed Sagen's ghost (adept DrCj)
 42985 | Snake:4  | Noticed Tuffe's ghost (adept FoFi)
 42987 | Snake:4  | Noticed TuffENuff's ghost (adept FoFi)
 43013 | Snake:4  | Found Qeta's Antique Weapon Boutique.
 43028 | Snake:4  | Received a gift from Okawaru
 43478 | Snake:3  | Reached skill level 10 in Dodging
 44396 | Snake:4  | Reached skill level 10 in Shields
 44588 | Snake:4  | Reached skill level 10 in Evocations
 44606 | Snake:4  | Reached skill level 10 in Armour
 45297 | Snake:4  | Received a gift from Okawaru
 45298 | Snake:4  | Found the +5 demon whip "Spellbinder" {antimagic, Will+}
 45895 | Snake:4  | Got a serpentine rune of Zot
 46084 | Snake:4  | Reached XP level 18. HP: 154/154 MP: 24/24
 46458 | Swamp:1  | Entered Level 1 of the Swamp
 46555 | Swamp:1  | Received a gift from Okawaru
 47526 | Swamp:2  | Received a gift from Okawaru
 47805 | Swamp:2  | Received a gift from Okawaru
 48335 | Swamp:3  | Received a gift from Okawaru
 48513 | Swamp:3  | Received a gift from Okawaru
 48796 | Swamp:3  | Found a corrupted altar of Lugonu.
 48797 | Swamp:3  | Found a one-way gate to the infinite horrors of the Abyss.
 49458 | Swamp:4  | Entered Level 4 of the Swamp
 49600 | Swamp:4  | Received a gift from Okawaru
 49886 | Swamp:4  | Received a gift from Okawaru
 50157 | Swamp:4  | Found a blossoming altar of Fedhas.
 50588 | Swamp:4  | HP: 10/156 [shambling mangrove (17)]
 51658 | Swamp:4  | Reached XP level 19. HP: 162/162 MP: 11/25
 51672 | Swamp:4  | Received a gift from Okawaru
 51685 | Swamp:4  | Identified the +8 hunting sling "Miomynk" {venom, rPois
                  | Str+2 Int+7 Stlth-} (Okawaru gifted it to you on level 4 of
                  | the Swamp)
 51912 | Swamp:4  | Found a basalt altar of Yredelemnul.
 51935 | Swamp:4  | Got a decaying rune of Zot
 53052 | Vaults:1 | Entered Level 1 of the Vaults
 53818 | Vaults:1 | Received a gift from Okawaru
 54497 | Vaults:1 | Received a gift from Okawaru
 54798 | Vaults:1 | Received a gift from Okawaru
 54849 | Vaults:1 | You fall into a shaft and drop 1 floor!
 55356 | Vaults:2 | Noticed Frederick
 56156 | Vaults:1 | HP: 9/163 [yaktaur captain/bolt (16)]
 56809 | Vaults:1 | Found a portal to a secret trove of treasure.
 57074 | Vaults:2 | Killed Frederick
 57074 | Vaults:2 | Received a gift from Okawaru
 57075 | Vaults:2 | Reached XP level 20. HP: 157/172 MP: 11/26
 57188 | Vaults:2 | Noticed Mara
 57192 | Vaults:2 | Noticed trckry's illusion
 57639 | Vaults:2 | Noticed trckry's illusion
 57945 | Vaults:2 | Noticed trckry's illusion
 57953 | Vaults:2 | Killed Mara
 57953 | Vaults:2 | Received a gift from Okawaru
 58003 | Vaults:2 | Noticed Bai Suzhen
 58026 | Vaults:2 | Killed Bai Suzhen
 58120 | Vaults:2 | Found a staircase to the Crypt.
 58120 | Vaults:2 | Found an ancient bone altar of Kikubaaqudgha.
 58121 | Vaults:2 | Found a basalt altar of Yredelemnul.
 59018 | Vaults:3 | Noticed Donald
 59032 | Vaults:3 | Killed Donald
 59442 | Vaults:3 | Found Sycal's Gadget Boutique.
 59677 | Vaults:3 | Found Gisi's Magic Scroll Shoppe.
 59685 | Vaults:3 | Bought a scroll of fog for 24 gold pieces
 59685 | Vaults:3 | Bought a scroll of magic mapping for 42 gold pieces
 59729 | Vaults:3 | Reached skill level 15 in Maces & Flails
 60049 | Vaults:3 | Noticed Jory
 60088 | Vaults:3 | Killed Jory
 60812 | Vaults:4 | Received a gift from Okawaru
 60814 | Vaults:4 | Found Xiw Walonu's Assorted Antiques.
 61340 | Vaults:4 | Found Qududyext's Armour Boutique.
 61406 | Vaults:4 | Found Rocsiffa's Magic Scroll Boutique.
 61415 | Vaults:4 | Bought a scroll of fear for 80 gold pieces
 61415 | Vaults:4 | Bought a scroll of blinking for 172 gold pieces
 61415 | Vaults:4 | Bought a scroll of magic mapping for 80 gold pieces
 61465 | Vaults:4 | Found Here's General Store.
 61910 | Vaults:4 | Reached XP level 21. HP: 135/182 MP: 12/27
 62091 | Vaults:4 | Received a gift from Okawaru
 62180 | Vaults:4 | Received a gift from Okawaru
 63034 | Elf:1    | Entered Level 1 of the Elven Halls
 63370 | Elf:1    | Identified the Incunabulum of Unholy Rites
 64466 | Elf:2    | Found Omeamog's Gadget Emporium.
 64748 | Elf:2    | Reached skill level 15 in Fighting
 65119 | Elf:2    | Received a gift from Okawaru
 65136 | Elf:2    | Found a large runed translucent door.
 65136 | Elf:2    | Found a large runed translucent door.
 65173 | Elf:2    | Found a large runed translucent door.
 65173 | Elf:2    | Found a large runed translucent door.
 65334 | Elf:2    | Received a gift from Okawaru
 65517 | Elf:2    | Received a gift from Okawaru
 65587 | Elf:2    | Reached XP level 22. HP: 135/192 MP: 12/28
 65752 | Elf:2    | Received a gift from Okawaru
 65920 | Elf:3    | Entered Level 3 of the Elven Halls
 66025 | Elf:3    | Found a magical portal.
 66040 | WizLab   | Entered Zonguldrok's Shrine
 66531 | WizLab   | Noticed an antique lich
 66554 | WizLab   | Killed an antique lich
 66558 | WizLab   | Found the +9 sword of Zonguldrok {reap}
 68309 | Elf:3    | Identified the +8 spear of Defence {holy, +Inv Int+4 Dex+3}
 68309 | Elf:3    | Identified the amulet "Jelius" {Spirit rPois rF+++ Will++
                  | Int-4}
 68320 | Elf:3    | Received a gift from Okawaru
 68328 | Elf:3    | Identified the +1 mace of Ramn {venom, Str+2 Int+2}
 68469 | Elf:3    | Identified the +7 hand crossbow "Hovacwum" {elec, +Fly rN++
                  | MP+9 Int-5} (Okawaru gifted it to you on level 3 of the
                  | Elven Halls)
 68598 | Elf:3    | Identified the Reference Book on Combat Magic
 69276 | Vaults:5 | Entered Level 5 of the Vaults
 69282 | Vaults:5 | Received a gift from Okawaru
 69283 | Vaults:5 | Reached XP level 23. HP: 175/203 MP: 12/29
 69780 | Vaults:5 | HP: 13/204 [storm dragon/bolt of lightning (11)]
 69788 | Vaults:5 | Noticed a golden dragon
 70216 | Vaults:5 | Noticed a golden dragon
 70252 | Vaults:5 | Killed a golden dragon
 70971 | Vaults:5 | Received a gift from Okawaru
 71266 | Vaults:5 | Reached skill level 15 in Shields
 71301 | Vaults:5 | Reached skill level 15 in Evocations
 71863 | Vaults:5 | Received a gift from Okawaru
 71892 | Vaults:5 | Killed a golden dragon
 72143 | Vaults:5 | Received a gift from Okawaru
 72444 | Vaults:5 | Noticed a golden dragon
 72444 | Vaults:5 | a fire giant changed into a golden dragon
 72445 | Vaults:5 | a golden dragon changed into a shadow dragon
 72502 | Vaults:5 | Received a gift from Okawaru
 73059 | Vaults:5 | Reached XP level 24. HP: 201/214 MP: 12/29
 73855 | Vaults:5 | Got a silver rune of Zot
 74292 | Vaults:5 | Reached skill level 15 in Armour
 74336 | Vaults:5 | Identified the +1 pair of boots "Hemangib" {Regen+}
                  | (Okawaru gifted it to you on level 5 of the Vaults)
 74586 | Depths:1 | Entered Level 1 of the Depths
 75761 | Depths:1 | Received a gift from Okawaru
 76463 | Depths:1 | Received a gift from Okawaru
 76904 | Depths:2 | Noticed Asterion
 77171 | Depths:2 | Lost intelligence.
 77177 | Depths:2 | Found a gateway to a ziggurat.
 77279 | Depths:1 | trckry: ??brainless
 77279 | Depths:1 | beem: stat drain[2/3]: 0 str: Collapse: 1/4 regen rate. 0
                  | int: Brainless: Can't memorize or cast spells. 80% chance
                  | of failure when reading scrolls. 0 dex: Clumsy: 0 stealth,
                  | minimal evasion, can't stab, can't block. All three effects
                  | slow you (doesn't stack).
 77303 | Depths:2 | Identified the ring "Hueg" {rPois rF++ Str-5 Int+6}
 77975 | Depths:1 | Killed Asterion
 78228 | Depths:2 | Noticed the Enchantress
 78308 | Depths:2 | Killed the Enchantress
 78368 | Depths:2 | Reached XP level 25. HP: 77/224 MP: 12/29
 79002 | Depths:2 | Received a gift from Okawaru
 79102 | Depths:2 | Identified the cursed +1 plate armour "Ranyasum" {Int+3}
                  | (You found it on level 2 of the Depths)
 79423 | Depths:2 | Received a gift from Okawaru
 79457 | Depths:2 | Identified the +3 hunting sling of Wyvono {flame, +Inv rF-
                  | Will+ Int+4} (Okawaru gifted it to you on level 2 of the
                  | Depths)
 79853 | Depths:3 | Noticed Saint Roka
 80031 | Depths:3 | Killed Saint Roka
 80836 | Depths:3 | Found Kilaugh's Book Boutique.
 80836 | Depths:3 | Found Giwim's Assorted Antiques.
 80857 | Depths:3 | Received a gift from Okawaru
 80903 | Depths:3 | Noticed Sojobo
 80996 | Depths:3 | Killed Sojobo
 80996 | Depths:3 | Received a gift from Okawaru
 81528 | Depths:3 | Found a one-way gate leading to the halls of Pandemonium.
 82755 | Depths:4 | Noticed Margery
 82806 | Depths:3 | Received a gift from Okawaru
 82809 | Depths:3 | Identified the +8 flail "Gyedetuz" {vorpal, +Fly rF+ rC+}
                  | (Okawaru gifted it to you on level 3 of the Depths)
 82827 | Depths:4 | Killed Margery
 83190 | Depths:4 | Found Obeec's Elemental Accessories.
 83935 | Depths:5 | Entered Level 5 of the Depths
 83952 | Depths:5 | Reached XP level 26. HP: 207/236 MP: 29/29
 84850 | Depths:5 | Received a gift from Okawaru
 84961 | Depths:5 | Found a sparkling altar of Nemelex Xobeh.
 85061 | Depths:5 | Received a gift from Okawaru
 85444 | Depths:5 | Received a gift from Okawaru
 85881 | Depths:5 | Found a gate to the Realm of Zot.
 86915 | Vaults:1 | You paid a toll of +4 fire dragon scales to enter a
                  | treasure trove
 86916 | Trove    | Entered a treasure trove
 86935 | Trove    | Identified the +8 eveningstar of Indomitability {vorpal,
                  | +Blink Stlth+} (You found it in a treasure trove)
 86952 | Trove    | Found the ring of Shadows {Umbra +Inv Stlth+}
 86955 | Trove    | Got a brightly glowing platinum ring
 86956 | Trove    | Identified the ring "Qaivipto" {rC+ MP+9 Slay+2} (You found
                  | it in a treasure trove)
 87351 | Zot:1    | Entered Level 1 of the Realm of Zot
 88864 | Zot:2    | Acquired 700 gold pieces
 88866 | Zot:2    | Reached XP level 27. HP: 244/244 MP: 12/29
 89401 | Zot:2    | Received a gift from Okawaru
 89407 | Zot:2    | Killed from afar by a purple draconian stormcaller

Illustrated notes

Levels and vault maps discovered:
D:1:      saegor_arrival_fortress, layout_basic
D:2:      layout_rooms, minmay_tetromino_t4
D:3:      layout_rooms, cheibriados_altar_1, trog_hazing_becter
D:4:      layout_rooms, old_standard_altar, gammafunk_temple_overflow_pools,
          minmay_temple_entry_hall, uniq_robin
D:5:      layout_rooms, portal_sewer_entry_a
D:6:      layout_loops_corners, gammafunk_temple_overflow_forgotten,
          nicolae_ossuary_entry_monument, minmay_three_doors
D:7:      layout_rooms, vehumet_statue, serial_shops, shop,
          nicolae_shop_temple_entry_statues_fountains, shop_fountains,
          nicolae_shop_statue_plus, kennysheep_mini
D:8:      layout_gridville, nicolae_lava_and_water
D:9:      layout_basic, yredelemnul_forgotten_temple_becter,
          erik_lair_orcish_takeover, serial_shops, shop
D:10:     layout_cave_pools, david_orc_2, amcnicky_mini_pool_small
D:11:     lemuel_castle_with_subvaults [lemuel_castle_interior_carwin_1],
          layout_irregular_city, serial_shops, shop, minmay_dual_archer_statues
D:12:     layout_gridville
D:13:     layout_irregular_city, david_vaults_5
D:14:     layout_long_grid, chequers_arboretum, nicolae_dithmenos_shadow_blocks,
          uniq_azrael
D:15:     grunt_enter_depths_snipers, layout_stronghold, serial_shops,
          nicolae_shop_behind_doors, minmay_misc_feat_encased, uniq_agnes,
          uniq_roxanne, uniq_louise
Temple:   nicolae_temple_god_jail
Lair:1:   layout_hall_layers, amcnicky_altar_gilded
Lair:2:   layout_cave_shapes, minmay_snake_entry_guardpost_small
Lair:3:   layout_loops_ring, minmay_swamp_entry_wisps
Lair:4:   layout_loops_ring, serial_bayou_shore_b, grunt_megastairs_3,
          lemuel_fruit_fields, uniq_nessos
Lair:5:   layout_gridlike, minmay_slime_entry_pillars, gauntlet_entry_generic,
          nzn_sisyphean_effort
Lair:6:   evil_forest, layout_regular_city
Swamp:1:  layout_falls_marsh, hangedman_swamp_blocks, swamp_pool2,
          infiniplex_staircase_pool
Swamp:2:  layout_basic_swamp, evilmike_swamp_ruin_house_3, swamp_pool1
Swamp:3:  layout_falls_marsh, evilmike_swamp_ruin_house_2,
          amcnicky_altar_lugonu_corruption
Swamp:4:  byrel_swamp_growth_death_and_undeath, layout_basic_swamp, swamp_pool1
Snake:1:  layout_layer_cave, serial_shops, shop, minmay_shop_star
Snake:2:  layout_misc_corridors, serial_bayou_shore_a, uniq_aizul
Snake:3:  layout_chambers, basic_altar, uniq_vashnia
Snake:4:  snake_pit, layout_cave_town, gammafunk_ghost_cemetery, serial_shops,
          nicolae_shop_waterfront
Orc:1:    layout_diamond_mine
Orc:2:    grunt_orc_community_town_hall, layout_caves,
          grunt_orc_community_big_house_2, grunt_orc_community_big_house_1,
          grunt_orc_community_house_3, grunt_orc_community_house_3,
          grunt_orc_community_house_1, grunt_orc_community_house_3,
          lemuel_statue_altar
Elf:1:    layout_loops_corners, minmay_elf_necromancy, grunt_megastairs_1
Elf:2:    layout_geoelf_grid, serial_shops, nicolae_shop_stone
Elf:3:    elf_hall, layout_gridlike, mu_enter_wizlab_2, chequers_big_river,
          grunt_ministairs_13
Vaults:1: hangedman_vaults_impose, v_misc_26, st_lattice, v_alt_pattern_5,
          ontoclasm_vaults_fault, hangedman_vaults_capsules, v_alt_pattern_6,
          vaults_room_pool, ontoclasm_vaults_idyll,
          vaults_room_grunt_arrival_ludios, nicolae_vaults_specimen_jars,
          nicolae_vaults_asterisk, layout_vaults_omnicross, enter_trove_1
Vaults:2: ontoclasm_vaults_idyll, ontoclasm_vaults_idyll,
          nicolae_vaults_little_squares_5, ontoclasm_vaults_idyll,
          nicolae_vaults_what_the_h, minmay_crypt_entry_necro_gods,
          vaults_room_stairs_pillars, vaults_room_ringed_pool,
          hangedman_vaults_restitches, layout_vaults_quadrants, uniq_bai_suzhen,
          uniq_mara, uniq_frederick
Vaults:3: ontoclasm_vaults_ring_square, vaults_standard_mumra_lines,
          nicolae_vaults_big_ls, vaults_room_mumra_shop_pool,
          nicolae_vaults_alarming, vaults_room_stairs_pillars,
          hangedman_vaults_trim, grunt_vaults_hallway_long, vaults_room_corners,
          nicolae_vaults_twisting_passages, ontoclasm_vaults_ring_square,
          ontoclasm_vaults_ring_large, vaults_room_pool, v_misc_19,
          layout_vaults_omnibox, serial_shops, shop, uniq_jory, uniq_donald
Vaults:4: v_misc_23, vaults_standard_mumra_x, nicolae_vaults_three_branches,
          nicolae_vaults_little_squares_4, v_pattern_5, vaults_room_pools,
          nicolae_vaults_triangles, nicolae_vaults_rhombus_7, v_misc_18,
          hangedman_vaults_snaps, nicolae_vaults_little_squares_6,
          nicolae_vaults_theta, layout_vaults_maze_bifur, serial_shops,
          nicolae_shop_trees, shop, shop, shop
Vaults:5
Depths:1: minmay_ornate_pinched, layout_cave_shapes, pf_hell_entry_tar_spiral,
          lightli_minifort
Depths:2: grunt_x_marks_the_spot, layout_basic, enter_ziggurat_a, abyss_entry,
          hell_entry, kennysheep_big_empty_room, uniq_enchantress, uniq_asterion
Depths:3: kennysheep_ogre_elephant_herders, layout_twisted_cross,
          grunt_pan_entry_zigzag, kennysheep_donut, marbit_kobold_abyss_entry,
          grunt_hell_entry_dis_grunt, infiniplex_staircase_zigzag_3,
          minmay_shoptagon, uniq_sojobo, uniq_saint_roka
Depths:4: cheibrodos_lost_city_excavation, layout_cave_pools,
          nicolae_abyss_entry_one_way_or_another, hell_entry,
          serial_bayou_lagoon_a, nicolae_elemental_shop,
          hangedman_decor_clover_reticule, infiniplex_staircase_pillars_1,
          firewood_loft, uniq_margery
Depths:5: evilmike_zot_entry_basic, layout_honeycomb, hellmouth_2, abyss_entry,
          rand_demon_pan_entry_1, minmay_misc_feat_columns,
          nemelex_diamond_rough_becter
Zot:1:    layout_basic
Zot:2:    gammafunk_mikee_crab_dinner, layout_basic, hangedman_swamp_dais

Skill      XL: |  1  2  3  4  5  6  7  8  9 10 11 12 13 14 15 16 17 18 19 20 21 22 23 24 25 26 27 |
---------------+----------------------------------------------------------------------------------+-----
Dodging        | 2 3 4 5 6 7 8 9 10 11 | 11.4
Invocations    | 1 2 3 4 5 6 7 8 9 10 | 10.0
Maces & Flails | 1 2 3 4 5 6 7 8 9 10 11 12 13 14 15 16 | 16.0
Armour         | 1 2 3 4 5 6 7 8 9 10 11 12 13 14 15 16 17 | 17.0
Evocations     | 1 2 3 4 5 6 7 8 9 10 11 12 13 14 15 17 18 19 | 19.8
Shields        | 1 2 3 4 5 6 7 8 9 10 11 12 13 14 15 17 18 | 18.5
Fighting       | 3 4 5 6 7 8 9 10 11 12 13 14 15 16 17 18 19 | 19.6
Slings         | 4 5 6 7 8 9 10 11 12 13 14 | 14.0
Stealth        | |  1.1

Action                   |  1- 3 |  4- 6 |  7- 9 | 10-12 | 13-15 | 16-18 | 19-21 | 22-24 | 25-27 || total
-------------------------+-------+-------+-------+-------+-------+-------+-------+-------+-------++-------
Melee: Dagger            |    92 |   115 |       |       |       |       |       |       |       ||   207
       Short sword       |     7 |       |       |       |       |       |       |       |       ||     7
       Flail             |       |    81 |   188 |   244 |  1027 |       |       |       |       ||  1540
       Rapier            |       |       |       |    16 |       |       |       |       |       ||    16
       Demon whip        |       |       |       |       |       |   808 |  2788 |  2037 |  1450 ||  7083
       Eveningstar       |       |       |       |       |       |       |       |       |    84 ||    84
 Fire: Hunting sling     |    11 |    74 |   315 |  1339 |   996 |       |       |       |       ||  2735
       Fustibalus        |       |       |       |       |   185 |  1776 |   100 |   353 |   670 ||  3084
Throw: Dart              |       |       |       |     2 |     9 |       |       |       |       ||    11
       Throwing net      |       |       |       |     4 |       |       |       |       |       ||     4
Invok: Heroism           |       |       |       |       |     2 |       |     1 |       |       ||     3
       Finesse           |       |       |       |       |     2 |       |     1 |       |       ||     3
Evoke: Wand              |       |       |     1 |     9 |     7 |     1 |       |    17 |     1 ||    36
       Phantom mirror    |       |       |       |       |       |     1 |       |       |       ||     1
  Use: Scroll            |       |       |    11 |     1 |    22 |     8 |     4 |    19 |    11 ||    76
       Potion            |       |       |    10 |       |     5 |     2 |     3 |     5 |     1 ||    26
 Stab: Sleeping          |     2 |       |       |       |       |       |       |       |       ||     2
       Paralysed         |       |       |       |    13 |       |     4 |       |       |       ||    17
       Held in net/web   |       |       |       |     1 |       |       |       |       |       ||     1
       Distracted        |       |       |       |       |     3 |       |     5 |     1 |       ||     9
       Petrified         |       |       |       |       |     4 |       |       |       |       ||     4
Armor: Leather armour    |    19 |     2 |       |       |       |       |       |       |       ||    21
       Chain mail        |       |   159 |   201 |    71 |       |       |       |       |       ||   431
       Plate armour      |       |       |       |   333 |   559 |   640 |   431 |   412 |       ||  2375
       Gold dragon scale |       |       |       |       |       |       |       |   340 |   450 ||   790
Dodge: Dodged            |    77 |   230 |   162 |   421 |   334 |   482 |   369 |   445 |   355 ||  2875
Block: Kite shield       |       |       |   126 |   449 |  1449 |  1869 |  1706 |  1868 |  1566 ||  9033
       Reflection        |       |       |       |       |    45 |   224 |    65 |    86 |    43 ||   463
